 Dungeon Crawl Stone Soup version 0.17-a0-1970-g7a13dd1 (webtiles) character file.

4 4thArraOfDagon the Conjurer (level 1, 0/14 (15) HPs)
             Began as a Ghoul Conjurer on Oct 4, 2015.
             Slain by a worker ant zombie (1 damage)
             ... on level 5 of the Dungeon.
             The game lasted 00:03:13 (603 turns).

4thArraOfDagon the Conjurer (Ghoul Conjurer)         Turns: 603, Time: 00:03:14

HP:   0/14 (15)     AC:  2    Str: 11    XL:     1   Next: 60%
MP:   0/2           EV: 12    Int: 10    God:
Gold: 40            SH:  0    Dex:  9    Spells: 1 memorised, 2 levels left

rFire  . . .     SeeInvis .     (no weapon)
rCold  + . .     Clarity  .     a - +0 robe
rNeg   + + +     SustAt   .     (no shield)
rPois  ∞         Gourm    .     (no helmet)
rElec  .         Spirit   .     (no cloak)
rCorr  .         Warding  .     (no gloves)
rMut   .         Stasis   .     (no boots)
MR     .....                    (no amulet)
Stlth  ++........               (no ring)
                                (no ring)

@: rotting, not resistant to hostile enchantments, unstealthy
A: rotting body, claws 1, carnivore 3, cold resistance 1, negative energy
resistance 3, slow regeneration 1, torment resistance, unbreathing
a: no special abilities


You were on level 5 of the Dungeon.
You were not hungry.

You visited 2 branches of the dungeon, and saw 7 of its levels.
You also visited: Ossuary.

You collected 40 gold pieces.

Inventory:

Hand weapons
 e - a +0 hand axe
Armour
 a - a +0 robe (worn)
Books
 b - a book of Conjurations

   Spells                             Type                      Level
   a - Magic Dart                     Conjuration                  1
   b - Searing Ray                    Conjuration                  2
   c - Dazzling Spray                 Conjuration/Hexes            3
   d - Fulminant Prism                Conjuration/Hexes            4
   e - Iskenderun's Mystic Blast      Conjuration                  4
   f - Iskenderun's Battlesphere      Conjuration/Charms           5
Comestibles
 c - a meat ration


   Skills:
 + Level 0.4 Fighting
 - Level 1.7 Dodging
 - Level 2.1 Stealth
 * Level 0.0 Unarmed Combat
 - Level 1.7 Spellcasting
 - Level 3.4 Conjurations


You had 2 spell levels left.
You knew the following spells:

 Your Spells              Type           Power        Failure   Level  Hunger
a - Magic Dart            Conj           #...         10%         1    ##.....


Dungeon Overview and Level Annotations

Branches:
Dungeon (6/15)             Temple (1/1) D:4

Altars:
Elyvilon
Gozag
Makhleb
Nemelex Xobeh
Ru
Yredelemnul
Zin
The Shining One


Innate Abilities, Weirdness & Mutations

Your body is rotting away.
You thrive on raw meat.
You are immune to poison.
You have sharp fingernails.
You are carnivorous and can eat meat at any time.
Your flesh is cold resistant.
You are immune to negative energy.
You regenerate slowly when monsters are visible.
You are immune to unholy pain and torment.
You can survive without breathing.


Message History

Confirm with . or Enter, or press ? or * to list all spells.
Aiming: Magic Dart
Press: ? - help, Shift-Dir - straight line, f - worker ant zombie
Aim: a worker ant zombie The magic dart hits the worker ant zombie.
The worker ant zombie misses you.
Casting: Magic Dart
Confirm with . or Enter, or press ? or * to list all spells.
Aiming: Magic Dart
Press: ? - help, Shift-Dir - straight line, f/p - worker ant zombie
Aim: a worker ant zombie The magic dart hits the worker ant zombie.
The worker ant zombie waves its antennae.
The worker ant zombie misses you.
You scratch the worker ant zombie but do no damage.
The worker ant zombie completely misses you.
You completely miss the worker ant zombie.
The worker ant zombie barely misses you.
You scratch the worker ant zombie. The worker ant zombie bites you.
You die...

#. .# . .#
.##.# #. ....#
#. ....#
#..##.#..#
#..#..#..#
#..#.##@.#
#.....Z..#
#.......##
####.#### #.#
.############.#
..............#
..####.########
#.####.##


You could see a worker ant zombie.

Vanquished Creatures
  An orc (D:5)
  A giant cockroach (D:5)
  A bat (D:2)
3 creatures vanquished.

Notes
Turn   | Place    | Note
--------------------------------------------------------------
     0 | D:1      | 4thArraOfDagon the Ghoul Conjurer began the quest for the Orb.
     0 | D:1      | Reached XP level 1. HP: 14/14 MP: 2/2
   229 | D:4      | Found a staircase to the Ecumenical Temple.
   238 | Temple   | Entered the Ecumenical Temple
   386 | D:5      | Entered Level 5 of the Dungeon
   386 | D:5      | Noticed a hound
   443 | D:5      | Found a sand-covered staircase.
   447 | Ossuary  | Entered an ossuary
   460 | D:5      | Noticed an ogre
   547 | D:5      | Noticed a worker ant
   603 | D:5      | Slain by a worker ant zombie

Vault maps used:
D:1:      wheals_arrival_linesprint, minmay_crystal_room,
          hangedman_abyss_or_decor_stabs, minmay_unequal
D:3:      gammafunk_temple_overflow_forgotten, first_bread, eino_tiny_chamber,
          minmay_misc_feat_rugged, uniq_iyjb, uniq_jessica, uniq_natasha
D:4:      xom_redecorated, minmay_temple_entry_statues_pillars, bloody_trog,
          uniq_pikel
D:5:      vehumet_crystals, lemuel_blue_sif_altar, enter_ossuary_5,
          kennysheep_generic_room_7, uniq_eustachio
D:6:      serial_shops, shop
Temple:   jpeg_temple_alley_garden_8
Ossuary:  ossuary_tomb_1

Action                   || total
-------------------------++-------
Melee: Unarmed           ||    16
 Cast: Magic Dart        ||     9
  Use: Scroll            ||     3
       Potion            ||     3
  Eat: Chunk             ||     4
